 Dungeon Crawl Stone Soup version 0.31.0-12-g77e489cdc1 (webtiles) character file.

Game seed: 7066813881403016859

21 Shameboy the Trooper (level 2, -2/27 HPs)
             Began as a Hill Orc Fighter on Feb 23, 2024.
             Killed from afar by an orc wizard (9 damage)
             ... with a puff of flame
             ... on level 2 of the Dungeon.
             The game lasted 00:07:51 (1412 turns).

Shameboy the Trooper (Hill Orc Fighter)             Turns: 1412, Time: 00:07:51

Health: -2/27      AC:  6    Str: 18    XL:     2   Next: 87%
Magic:  2/2        EV:  9    Int:  8    God:
Gold:   5          SH:  0    Dex: 10    Spells: 1/1 levels left

rFire   . . .        a - +0 war axe
rCold   . . .        c - +0 buckler
rNeg    . . .        b - +0 scale mail
rPois   .            (no helmet)
rElec   .            (no cloak)
rCorr   .            (no gloves)
SInv    .            (no boots)
Will    .....        (no amulet) Stlth
                     h - ring of flight
HPRegen 0.24/turn    i - ring of wizardry
MPRegen 0.08/turn

%: wizardry (x1)
@: confused, flying
A: no striking features
a: no special abilities


You were on level 2 of the Dungeon.
You visited 1 branch of the dungeon, and saw 2 of its levels.

You collected 5 gold pieces.

Inventory:

Hand Weapons
 a - a +0 war axe (weapon)
Armour
 b - a +0 scale mail (worn)
 c - a +0 buckler (worn)
Jewellery
 h - a ring of flight (left hand)
 i - a ring of wizardry (right hand)
Scrolls
 d - a scroll of identify {unknown}
 g - a scroll of vulnerability {unknown}
 j - 2 scrolls of torment {unknown}
 l - a scroll of enchant weapon {unknown}
 p - a scroll of acquirement {unknown}
 q - a scroll of silence {unknown}
Potions
 e - 3 potions of lignification {unknown}
 f - 2 potions of curing {unknown}
 k - a potion of brilliance {unknown}
 m - a potion of invisibility {unknown}
 n - a potion of degeneration {unknown}
 o - 3 potions of enlightenment {unknown}


   Skills:
 + Level 3.9 Fighting
 + Level 3.0 Axes
 + Level 3.6 Armour
 + Level 3.7 Shields


You had one spell level left.
You didn't know any spells.
Your spell library was empty.

Dungeon Overview and Level Annotations

Branches:
Dungeon (2/15)

Altars:


Message History

You are too confused!
You are too confused!
You are too confused!
You are too confused!
You are too confused!
You are too confused!
You are too confused!
You are too confused!
You are too confused!
You are too confused!
You are too confused!
You are too confused!
You are too confused!
You are too confused!
You are too confused!
You are too confused!
You are too confused!
You are too confused!
You are too confused!
You are too confused!
You start resting.
You feel less confused. Something hits you but does no damage.
Something hits you but does no damage. Something hits you.
Something hits you but does no damage.
A magic dart appears from out of thin air!
The magic dart hits you!
* * * LOW HITPOINT WARNING * * *
Things that are here:
a +0 flail; a +0 ring mail
There is a strange disturbance nearby!
An orc wizard appears from thin air!
Reactivating autopickup.
An orc wizard is nearby!
The orc wizard casts a spell at you.
You are confused.
The orc wizard casts a spell at you. The puff of flame hits you!
You die...

#......# ...## #......# ### ###
#.#..#.#########.#
#.#.##...).......#
#.#.##.######....# #.##.#
##.##.# #.#.#.#..#####...#.#
............#......###########
.#.###..###..o@..............
#.## ##.....###.........
...#####.# #.......#.########
.........## ##.<........###
...####...###.##.##.......#
.................##...###.#####
..###.##.##..###.##...# #.....#
..# #.##.##..# #.##.#.###.###.#
..###.##.##..###.##.#.....###.##


You could see an orc wizard.

Vanquished Creatures
  A dart slug (D:1)
  2 orcs (D:2)
  2 endoplasms (D:1)
  A hobgoblin (D:2)
  3 jackals (D:1)
  A ball python (D:1)
  2 bats
  3 kobolds (D:1)
  3 rats
18 creatures vanquished.

Notes
Turn   | Place    | Note
-------+----------+-------------------------------------------
     0 | D:1      | Shameboy the Hill Orc Fighter began the quest for the Orb.
     0 | D:1      | Reached XP level 1. HP: 19/19 MP: 1/1
   613 | D:1      | Reached XP level 2. HP: 27/27 MP: 2/2
  1412 | D:2      | Killed from afar by an orc wizard

Illustrated notes

Levels and vault maps discovered:
D:1:      co_arrival_random_square_maze, layout_basic
D:2:      wad_lake_hut, layout_loops_ring

Skill      XL: |  1  2 |
---------------+-------+-----
Axes           | 3 |  3.0
Fighting       | |  3.9
Armour         | |  3.6
Shields        | |  3.7

Action                     || total
---------------------------++-------
  Melee: War axe           ||    50
    Use: Potion            ||     1
 Armour: Scale mail        ||    63
  Dodge: Dodged            ||    22
  Block: Buckler           ||    11
